Unix NetHack Version 5.0.0-0 post-release - last build May 30 2026 05:04:26 (55804bc15828dd6e32e9076e0726aa6fccb6e981,branch:main).

Game began 2026-05-31 08:57:57, ended 2026-05-31 09:20:02.

DiePARTEI, neutral male human Tourist

              ------
             --.--.---
             |.......--
             |-.......|
           . |........|
          -.--.......--
          --........-|
          |..%%......|
          |)........--
         --........-|
        |...........|
        |...---....--
        --..| |....-
         --- --.....-
             |.......
        ------..<.........-
  -------)......%... ..^....-
  -.......---....... ........-
 |.....---- ----..@.  ....-- ..
  --.---         -f.
   ---
DiePARTEI the Sightseer     St:9 Dx:10 Co:17 In:13 Wi:9 Ch:17  Neutral
Dlvl:7  $:0  HP:0(49) Pw:20(20) AC:3  Xp:5 T:1796  Burdened

Latest messages:
 The jaguar hits again!
 The jaguar bites!
 The dwarf thrusts his broad short sword.
 The dwarf hits!
 The jaguar hits!
 The jaguar hits again!
 The jaguar misses!
 What do you want to use or apply? [lmsIKM-O or ?*] l
 In what direction? 8
 The jaguar is blinded by the flash!
 The jaguar turns to flee.
 The jaguar hits!
 The jaguar misses!
 The jaguar bites!
 What do you want to use or apply? [lmsIKM-O or ?*] l
 In what direction? 9
 The dwarf is blinded by the flash!
 The dwarf turns to flee.
 In what direction? 9
 The dart hits the dwarf.
 In what direction? 9
 The dart hits the dwarf!
 In what direction? 9
 The dart misses the dwarf.
 The dwarf picks up 9 +2 darts.
 In what direction? 9
 The dart hits the dwarf.
 Your candle is consumed!
 Its flame dies.
 The dwarf escapes upstairs!
 There is a staircase up to level 6 here.
 You see here a +2 dart.
 You have a little trouble lifting a - a +2 dart (at the ready) (10 in total).
 You see here a +2 dart.
 You have a little trouble lifting a - a +2 dart (at the ready) (11 in total).
 There are several objects here.
 You have a little trouble lifting a - a +2 dart (at the ready) (12 in total).
 a - a +2 dart (at the ready) (13 in total).
 E - 8 darts (9 in total).
 R - a tin.
 The jaguar misses!
 The jaguar hits!
 The jaguar bites!
 What do you want to use or apply? [lmsIKMO or ?*] l
 In what direction? 2
 The jaguar is illuminated.
 The jaguar hits!
 You die...
 Do you want your possessions identified? [ynq] (y) y
 Do you want to see your attributes? [ynq] (y) q

Inventory:
 Weapons  (')')
  Q - 3 blessed +0 darts
  a - 13 +2 darts (at the ready)
  G - 16 +1 darts
  E - 9 +0 darts
  F - a poisoned +2 dart
  P - 9 +0 shuriken
  J - 4 blessed +0 daggers
  x - a rustproof +0 dagger
 Armor    ('[')
  w - a blessed burnt +0 pair of jumping boots (being worn)
  r - an uncursed +0 alchemy smock with text "If we weren't meant to eat animals, why are they made out of meat?" (being worn)
  k - an uncursed +0 Hawaiian shirt with a ukulele motif (being worn)
  o - an uncursed +0 splint mail (being worn)
 Comestibles  ('%')
  e - an uncursed slime mold
  f - an uncursed cram ration
  c - an uncursed food ration
  g - an uncursed tripe ration
  R - a cursed rotten tin of rothe meat
 Wands    ('/')
  K - a wand of light (0:10)
 Tools    ('(')
  s - an uncursed bag of holding containing 12 items
  M - a bag of tricks (0:14)
  m - an uncursed credit card
  l - an expensive camera (0:58)
  O - an uncursed skeleton key
  I - an uncursed tin whistle
 Gems/Stones  ('*')
  v - an uncursed citrine stone
  y - an uncursed jasper stone
  L - an uncursed worthless piece of black glass
  D - 2 uncursed worthless pieces of violet glass

Contents of the bag of holding:
  129 gold pieces
  an uncursed +0 pair of low boots
  8 uncursed food rations
  an uncursed scroll of blank paper
  an uncursed scroll of fire
  2 uncursed scrolls of magic mapping
  2 uncursed potions of healing
  an uncursed potion of see invisible
  an uncursed potion of sickness
  a potion of holy water
  a potion of unholy water
  a +0 pick-axe

DiePARTEI the Tourist's attributes:

Background:
 You were a Sightseer, a level 5 male human Tourist.
 You were neutral, nominally on a mission for The Lady
 who was opposed by Blind Io (lawful) and Offler (chaotic).
 You were right-handed.
 You were in the Gnomish Mines, on level 7.
 You entered the dungeon 1796 turns ago.
 There was a full moon in effect when your adventure ended.
 You had 234 experience points, 86 more were needed to attain level 6.

Basics:
 You had 0 out of 49 hit points.
 You had all 20 energy points (spell power).
 Your armor class was 3.
 Your wallet was empty, but
 you had 129 zorkmids stashed away in your pack.
 Autopickup was off.

Final Characteristics:
 Your strength was 9 (limit:18/100).
 Your dexterity was 10 (limit:18).
 Your constitution was 17 (limit:18).
 Your intelligence was 13 (limit:18).
 Your wisdom was 9 (limit:18).
 Your charisma was 17 (limit:18).

Final Status:
 You weren't hungry.
 You were burdened; movement was slightly slowed.
 You were bare handed.
 You were unskilled in bare handed combat.

Final Attributes:
 You were devoutly aligned.
 You were poison resistant.
 You were acid resistant.
 Your items were protected from acid.
 You could jump.
 You were warded.
 You were lucky.
 You are dead.

Miscellaneous:
 You didn't encounter any bones levels.
 Total elapsed playing time was 22 minutes and 3 seconds.

Major events:
 Turn
    1: DiePARTEI the neutral male human Tourist entered the dungeon
 1415: entered the Gnomish Mines
 1446: attained the rank of Sightseer (level 3)
 1796: killed by a jaguar

You didn't know any spells.

Skills:
 Fighting Skills
   bare handed combat [Unskilled]
   two weapon combat  [Unskilled]
   riding             [Unskilled]
 Weapon Skills
   dagger             [Unskilled]
   knife              [Unskilled]
   axe                [Unskilled]
   pick-axe           [Unskilled]
   short sword        [Unskilled]
   broadsword         [Unskilled]
   long sword         [Unskilled]
   two-handed sword   [Unskilled]
   saber              [Unskilled]
   mace               [Unskilled]
   morning star       [Unskilled]
   flail              [Unskilled]
   hammer             [Unskilled]
   quarterstaff       [Unskilled]
   polearms           [Unskilled]
   spear              [Unskilled]
   trident            [Unskilled]
   lance              [Unskilled]
   bow                [Unskilled]
   sling              [Unskilled]
   crossbow           [Unskilled]
   dart               [Basic]
   shuriken           [Unskilled]
   boomerang          [Unskilled]
   whip               [Unskilled]
   unicorn horn       [Unskilled]
 Spellcasting Skills
   divination spells  [Unskilled]
   enchantment spells [Unskilled]
   escape spells      [Unskilled]

Voluntary challenges:
 Character rerolling was not enabled.
 You were an atheist.
 You never hit with a wielded weapon.
 You never genocided any monsters.
 You never polymorphed an object.
 You never changed form.
 You used no wishes.
Achievements:
 You entered a shop.
 You entered the Gnomish Mines.
 You attained the rank of Sightseer.

 The Dungeons of Doom: levels 1 to 4
    Level 1:
       Some fountains.
    Level 2:
       A scroll shop.
    Level 3:
       A general store, a fountain.
    Level 4:
       A fountain.
       Stairs down to The Gnomish Mines.
 The Gnomish Mines: levels 5 to 7
    Level 5:
    Level 6:
    Level 7: <- You were here.
       Final resting place for
          you, killed by a jaguar.


Vanquished creatures:
  a gnome leader
  a paper golem
  2 dwarves
 an acid blob
  a hobbit
 16 gnomes
  a gnome zombie
  a gecko
 11 jackals
  2 grid bugs
  5 lichens
  5 newts
47 creatures vanquished.

No species were genocided or became extinct.

Game over:
                       ----------
                      /          \
                     /    REST    \
                    /      IN      \
                   /     PEACE      \
                  /                  \
                  |    DiePARTEI     |
                  |      129 Au      |
                  |   killed by a    |
                  |      jaguar      |
                  |                  |
                  |                  |
                  |       2026       |
                 *|     *  *  *      | *
        _________)/\\_//(\/(/\)/\//\/|_)_______

Aloha DiePARTEI the Tourist...

You died in The Gnomish Mines on dungeon level 7 with 1337 points,
and 129 pieces of gold, after 1796 moves.
You were level 5 with a maximum of 49 hit points when you died.

